Map: Magannatha LE

Players

IseeYouAll - Winner!

  • Race: Terran Terran
  • League: Master
  • Spawn Location: 5:00

ManlyManMeat

  • Race: Zerg Zerg
  • League: Diamond
  • Spawn Location: 11:00

VOD

Have the link to the VOD?

Description

Time

  • Played on: July 9, 2025, 7:40 a.m.
  • Length: 7:48
Show
View Real Time Build Order
Export as new Build Order

IseeYouAll Terran - Winner!

Build Orders: 2 Factory, Cyclone Opening 

Get SALT Encoding   

  12  0:00  SCV  
  13  0:14  Supply Depot  
  13  0:17  SCV  
  14  0:29  SCV  
  15  0:37  Barracks  
  15  0:42  SCV  
  16  0:47  Refinery  
  16  0:51  Refinery  
  16  0:55  SCV  
  17  1:08  SCV  
  18  1:20  SCV  
  19  1:32  SCV  
  20  1:35  Factory  
  20  1:44  Reaper  
  21  1:50  SCV  
  22  2:11  Command Center  
  22  2:21  Supply Depot  
  22  2:22  Factory Tech Lab  
  22  2:28  SCV  
  22  2:40  Factory  
  22  2:54  Cyclone  
  25  3:05  Mag-Field Accelerator  
  25  3:13  Orbital Command  
  25  3:22  Supply Depot  
  25  3:37  Siege Tank  
  25  3:40  SCV  
  29  3:44  Factory Tech Lab  
  28  4:11  Cyclone  
  31  4:22  Orbital Command  
  31  4:23  SCV  
  35  4:50  Cyclone  
  35  4:52  SCV x2  
  39  4:54  Cyclone  
  39  5:04  SCV  
  39  5:05  Command Center  
  40  5:16  SCV  
  40  5:18  SCV  
  42  5:22  Cyclone  
  42  5:26  Cyclone, Supply Depot  
  42  5:28  SCV  
  49  5:30  SCV  
  50  5:42  SCV x2  
  52  5:56  Refinery  
  55  5:57  Refinery  
  55  5:58  Supply Depot  
  55  6:00  Siege Tank  
  55  6:01  Siege Tank  
  58  6:07  Command Center  
  58  6:08  SCV x2  
  60  6:18  Armory  
  60  6:22  Armory  
  60  6:38  Cyclone x2  
  66  6:45  SCV  
  67  7:10  Cyclone x2  
Show
View Real Time Build Order
Export as new Build Order

ManlyManMeat Zerg 

Build Orders: Hatch First 

Get SALT Encoding   

  12  0:00  Drone  
  13  0:08  Drone  
  13  0:13  Extractor  
  13  0:16  Drone  
  15  0:22  Overlord  
  15  0:43  Drone  
  15  0:46  Hatchery  
  15  0:54  Drone x2  
  17  0:57  Drone  
  18  1:12  Extractor  
  18  1:14  Spawning Pool  
  18  1:18  Drone  
  17  1:20  Drone  
  18  1:26  Drone  
  19  1:37  Drone  
  20  2:00  Queen x2  
  24  2:01  Zergling x4  
  24  2:04  Overlord  
  26  2:09  Drone  
  26  2:14  Metabolic Boost  
  27  2:17  Drone  
  28  2:33  Drone x2  
  28  2:34  Overlord  
  30  2:47  Zergling x6  
  33  2:52  Drone  
  34  3:09  Zergling x2  
  34  3:11  Drone x3  
  39  3:12  Zergling x2  
  39  3:13  Zergling x8  
  43  3:20  Hatchery  
  43  3:25  Overlord x2  
  42  3:27  Drone  
  43  3:35  Overlord  
  43  3:52  Queen  
  43  3:55  Drone x3  
  47  4:00  Extractor  
  46  4:10  Drone x2, Roach Warren  
  46  4:12  Drone x2  
  46  4:13  Drone, Extractor x2  
  48  4:23  Drone  
  48  4:24  Drone x3  
  50  4:27  Queen  
  46  4:48  Drone  
  46  4:51  Spawning Pool  
  46  4:53  Evolution Chamber  
  46  4:54  Drone x3  
  46  4:56  Drone, Evolution Chamber  
  46  4:57  Drone x3  
  46  4:58  Drone x2  
  53  5:15  Drone x2  
  53  5:16  Roach x2  
  53  5:17  Roach x3  
  53  5:18  Lair  
  53  5:19  Zerg Missile Weapons Level 1  
  65  5:33  Zerg Ground Armor Level 1  
  65  5:36  Queen  
  66  5:45  Overlord x4  
  66  5:52  Spore Crawler  
  66  5:53  Queen, Spore Crawler  
  66  5:56  Spore Crawler  
  65  5:57  Drone  
  66  6:17  Queen x2  
  70  6:19  Glial Reconstitution  
  70  6:22  Infestation Pit  
  62  6:33  Roach  
  62  6:34  Roach x8  
  74  6:45  Roach x4  
  74  6:47  Drone  
  71  6:50  Drone  
  67  6:56  Zergling x2  
  67  6:57  Zergling x2  
  55  7:09  Roach x2  
  53  7:19  Roach x2  
  53  7:21  Zergling x2  
Tags
 
Add a new tag
Caveats
  • Supply blocks, unpowered buildings, or Contaminate may cause inaccurate times.
  • Supply counts are checked every 10 seconds.